 Dungeon Crawl Stone Soup version 0.22.1-6-g1668fe2c40 (webtiles) character file.

229081 Peloso the Hoplite (level 18, 0/170 HPs)
             Began as a Minotaur Fighter on Jan 30, 2019.
             Was the Champion of Okawaru.
             Slain by a saltling (2 damage)
             ... in the Desolation of Salt on Jan 31, 2019.
             The game lasted 01:53:10 (40478 turns).

Peloso the Hoplite (Minotaur Fighter)              Turns: 40478, Time: 01:53:11

Health: 0/170      AC: 29    Str: 27    XL:     18   Next: 29%
Magic:  19/19      EV: 13    Int: 10    God:    Okawaru [******]
Gold:   2945       SH: 17    Dex: 17    Spells: 17/17 levels left

rFire    . . .     SeeInvis +   e - +9 scimitar of Proximity {speed, Int+3}
rCold    . . .     Gourm    .   c - +0 shield
rNeg     + . .     Faith    .   P - +4 plate armour {MR+}
rPois    +         Spirit   .   t - +0 hat {SInv}
rElec    .         Reflect  .   q - +1 cloak {rPois}
rCorr    .         Harm     .   s - +1 pair of gloves {Dex+3}
MR       +++..                  o - +1 pair of boots {run}
Stlth    ..........             m - amulet of the acrobat
HPRegen  0.38/turn              w - ring of Wierraw {rN+ MR+ Int+2 Dex+2 Stlth-}
MPRegen  0.16/turn              Z - +4 ring of slaying

@: lethally poisoned (0 -> -26), about to teleport, berserk cooldown, very
slightly contaminated, slowed, very slow
A: retaliatory headbutt, horns 2
}: 2/15 runes: decaying, gossamer
a: Heroism, Finesse, Renounce Religion


You were in the Desolation of Salt.
You worshipped Okawaru.
Okawaru was exalted by your worship.
You were not hungry.

You visited 7 branches of the dungeon, and saw 33 of its levels.
You also visited: Ice Cave, Volcano and Desolation.

You collected 3504 gold pieces.
You spent 559 gold pieces at shops.

Inventory:

Hand Weapons
 a - the +5 long sword of the Reaper {antimagic, rElec Dex+2}
   (You found it on level 12 of the Dungeon)

   It reduces the magical energy of the wielder, and disrupts the spells and
   magical abilities of those hit.
   Natural abilities and divine invocations are not affected.
   It affects your dexterity (+2).
   It insulates you from electricity.
 b - the +6 demon blade "Hydrabane" {elec, Int+3}
   (Okawaru gifted it to you on level 5 of the Lair of Beasts)

   Occasionally, upon striking a foe, it will discharge some electrical energy
   and cause terrible harm.
   It affects your intelligence (+3).
 e - the +9 scimitar of Proximity (weapon) {speed, Int+3}
   (Okawaru gifted it to you on level 1 of the Spider Nest)

   Attacks with this weapon are significantly faster.
   It affects your intelligence (+3).
Armour
 c - a +0 shield (worn)
 k - the +5 plate armour of Patience {rPois Dex+2}
   (You found it on level 3 of the Spider Nest)

   It affects your dexterity (+2).
   It protects you from poison.
 o - a +1 pair of boots of running (worn)
 q - a +1 cloak of poison resistance (worn)
 s - a +1 pair of gloves of dexterity (worn)
 t - a +0 hat of see invisible (worn)
 x - the +8 chain mail of Poehotto {Str+6}
   (Okawaru gifted it to you on level 6 of the Lair of Beasts)

   It affects your strength (+6).
 P - a +4 plate armour of magic resistance (worn)
 S - a scarf of resistance
Jewellery
 m - an amulet of the acrobat (around neck)
 p - an uncursed amulet of guardian spirit
 w - the ring of Wierraw (left hand) {rN+ MR+ Int+2 Dex+2 Stlth-}
   (You found it on level 5 of the Lair of Beasts)

   [ring of attention]

   It affects your intelligence (+2).
   It affects your dexterity (+2).
   It protects you from negative energy.
   It affects your resistance to hostile enchantments.
   It makes you less stealthy.
 C - an uncursed ring of protection from magic
 G - an uncursed ring of see invisible
 H - a +3 ring of strength
 Z - a +4 ring of slaying (right hand)
Wands
 g - a wand of iceblast (13)
 F - a wand of digging (12)
Scrolls
 i - 4 scrolls of identify
 j - 14 scrolls of remove curse
 l - 4 scrolls of blinking
 n - 8 scrolls of fear
 u - a scroll of enchant armour
 y - a scroll of fog
 B - 9 scrolls of teleportation
 E - 2 scrolls of magic mapping
 W - 2 scrolls of noise
Potions
 d - 3 potions of might
 z - 2 potions of flight
 A - 7 potions of agility
 D - 3 potions of mutation
 L - 3 potions of berserk rage
 T - 4 potions of haste
Comestibles
 f - 44 rations


   Skills:
 + Level 17.2 Fighting
 + Level 18.8 Long Blades
   Level 3.4 Axes
 + Level 16.3 Armour
 + Level 8.0 Dodging
 + Level 2.8 Stealth
 + Level 21.3 Shields
 + Level 3.7 Invocations
 + Level 1.6 Evocations


You had 17 spell levels left.
You didn't know any spells.
Your spell library contained the following spells:

 Spells                   Type           Power        Failure   Level  Hunger
 Confusing Touch          Hex            #.....       92%         1    ##.....
 Corona                   Hex            #......      92%         1    ##.....
 Flame Tongue             Conj/Fire      #....        92%         1    ##.....
 Infusion                 Chrm           #...         92%         1    ##.....
 Magic Dart               Conj           #...         92%         1    ##.....
 Shock                    Conj/Air       #...         92%         1    ##.....
 Sting                    Conj/Pois      #...         92%         1    ##.....
 Blink                    Tloc           N/A          98%         2    ###....
 Call Imp                 Summ           #.......     98%         2    ###....
 Corpse Rot               Necr           N/A          98%         2    ###....
 Ensorcelled Hibernation  Hex/Ice        #.....       98%         2    ###....
 Poisonous Vapours        Pois/Air       #.....       98%         2    ###....
 Shroud of Golubria       Chrm/Tloc      #.........   98%         2    ###....
 Slow                     Hex            #.......     98%         2    ###....
 Song of Slaying          Chrm           #.......     98%         2    ###....
 Sublimation of Blood     Necr           #.........   98%         2    ###....
 Swiftness                Chrm/Air       #.......     98%         2    ###....
 Confuse                  Hex            #.......     100%        3    ####...
 Conjure Flame            Conj/Fire      #.......     100%        3    ####...
 Dazzling Spray           Conj/Hex       #.....       100%        3    ####...
 Gell's Gravitas          Tloc           #.........   100%        3    ####...
 Ignite Poison            Fire/Tmut/Pois #.......     100%        3    ####...
 Mephitic Cloud           Conj/Pois/Air  #.......     100%        3    ####...
 Regeneration             Chrm/Necr      #.........   100%        3    ####...
 Spectral Weapon          Hex/Chrm       #.......     100%        3    ####...
 Static Discharge         Conj/Air       #.......     100%        3    ####...
 Tukima's Dance           Hex            #.......     100%        3    ####...
 Airstrike                Air            #.........   100%        4    #####..
 Cause Fear               Hex            #.........   100%        4    #####..
 Leda's Liquefaction      Hex/Erth       #.........   100%        4    #####..
 Olgreb's Toxic Radiance  Pois           #.......     100%        4    #####..
 Petrify                  Tmut/Erth      #.......     100%        4    #####..
 Agony                    Necr           #.......     100%        5    ######.
 Alistair's Intoxication  Tmut/Pois      #.......     100%        5    ######.
 Bolt of Draining         Conj/Necr      #.........   100%        5    ######.
 Bolt of Magma            Conj/Fire/Erth #.........   100%        5    ######.
 Dispel Undead            Necr           #.......     100%        5    ######.
 Excruciating Wounds      Chrm/Necr      #.........   100%        5    ######.
 Irradiate                Conj/Tmut      #.........   100%        5    ######.
 Lightning Bolt           Conj/Air       #.........   100%        5    ######.
 Metabolic Englaciation   Hex/Ice        #.........   100%        5    ######.
 Venom Bolt               Conj/Pois      #.........   100%        5    ######.
 Yara's Violent Unravell  Hex/Tmut       #.........   100%        5    ######.
 Bolt of Fire             Conj/Fire      #.........   100%        6    #######
 Iron Shot                Conj/Erth      #.........   100%        6    #######
 Statue Form              Tmut/Erth      #........    100%        6    #######
 Dragon Form              Tmut           #.........   100%        7    #######
 Dragon's Call            Summ           #.........   100%        9    #######
 Shatter                  Erth           #.........   100%        9    #######


Dungeon Overview and Level Annotations

Branches:
Dungeon (15/15)            Temple (1/1) D:7            Lair (6/6) D:10
  Swamp (4/4) Lair:2       Spider (4/4) Lair:4        Slime (0/5) Lair:5
    Orc (2/2) D:12            Elf (1/3) Orc:2        Vaults (0/5) D:13
 Depths (0/5) D:15

Altars:
Ashenzari
Dithmenos
Fedhas
Hepliaklqana
Kikubaaqudgha
Makhleb
Okawaru
Qazlal
Sif Muna
Trog
Vehumet
Wu Jian
Xom
Zin
Beogh
Jiyva

Shops:
D:5 %   D:6 ?   Orc:1 (   Orc:2 ([(}(

Annotations:
Elf:1 exclusion: orange crystal statue


Innate Abilities, Weirdness & Mutations

You reflexively headbutt those who attack you in melee.
You have a pair of horns on your head.


Message History

The peacekeeper barely misses you. You furiously retaliate!
You headbutt the peacekeeper.
You riposte.
You hit the peacekeeper but do no damage.
The peacekeeper is lightly damaged.
The peacekeeper claws you but does no damage.
You slice the guardian serpent!!
You kill the guardian serpent!
Okawaru accepts your kill.
* * * LOW HITPOINT WARNING * * *
You feel sick. You block the saltling's attack. The saltling barely misses you.
The saltling hits you but does no damage.
You block the saltling's attack.
Unknown command.
You hit the peacekeeper but do no damage.
The peacekeeper is lightly damaged.
You feel yourself slow down.
* * * LOW HITPOINT WARNING * * *
You feel sick. You block the peacekeeper's attack.
The peacekeeper barely misses you. The saltling hits you.
You die...

..............#[........
.....§.........)........
..§.§§.......8§.§..§....
..§§§§......§..§§§§§§..#
..§§§.......8.§.§§§§§.§§
.§§§§..##S8..§§§§§§§§§§
§§§§..#8..§§§§§§§§§§..
§§§§88888....§§......
.§§§)@88....§.§
§§§§.88.....§§§
§§§.#####.#..§§ .§8.
###### .... §..8 #.88
....


You could see a crystal guardian, 2 peacekeepers, a guardian serpent and 14
saltlings.

Vanquished Creatures
  Arachne (Spider:2)
  Jorgrun (Spider:2)
  Rupert (D:13)
  Kirke (Swamp:1)
  Agnes (D:15)
  2 thorn hunters
  An azure jelly (Swamp:4)
  Louise (D:14)
  2 imperial myrmidons (Desolation)
  An orc warlord (Orc:2)
  5 ghost moths
  A frost giant (D:12)
  6 emperor scorpions
  The ghost of LabCoat the Severer, a journeyman HOFi of Trog (Lair:6)
  A stone giant (Orc:2)
  An entropy weaver (Spider:2)
  Nessos (D:12)
  The ghost of slartie the Cleaver, a journeyman MiBe of Trog (D:12)
  3 spark wasps (Spider:4)
  3 ragged hierophants (Desolation)
  Josephine (Lair:5)
  3 vault guards (D:13)
  3 ice dragons
  4 servants of whispers
  13 hydras
  3 peacekeepers (Desolation)
  A ghost crab (Swamp:4)
  A centaur warrior (D:14)
  6 death yaks (Lair:6)
  10 two-headed ogres
  An ogre mage (D:15)
  4 alligators
  2 tengu warriors (D:14)
  2 dancing weapons
  2 orc high priests (Orc:2)
  5 deep elf knights (Elf:1)
  3 unseen horrors
  An orange crystal statue (Lair:5)
  3 wizards
  A spriggan druid (Swamp:4)
  A lindwurm (Lair:2)
  A necromancer (D:13)
  A swamp dragon (Swamp:1)
  A deep elf archer (Elf:1)
  An ironbrand convoker (Desolation)
  18 orb spiders
  Pikel (D:5)
  2 oklob plants (Lair:3)
  27 wolf spiders
  4 ugly things
  3 orc sorcerers
  11 deep elf magi (Elf:1)
  6 cyclopes
  10 elephants
  A moth of wrath (Spider:3)
  2 black mambas (Lair:3)
  2 naga magi (D:15)
  10 spiny frogs
  3 guardian serpents (Desolation)
  3 ice statues
  3 molten gargoyles
  A smoke demon (Volcano)
  2 gargoyles (D:14)
  5 centaur skeletons
  An efreet (D:14)
  4 freezing wraiths (Swamp:4)
  5 komodo dragons
  2 rime drakes
  7 ice devils (D:14)
  14 demonic crawlers
  2 red devils (Volcano)
  10 tyrant leeches
  9 trolls
  19 hornets
  8 polar bears
  30 jumping spiders
  13 dream sheep
  25 saltlings
  4 blink frogs
  5 bog bodies
  8 slime creatures
  6 hippogriffs
  59 redbacks
  3 shadows
  46 yaks
  A vampire (D:10)
  5 wraiths
  17 spriggans
  28 tarantellas
  A wyvern (D:14)
  2 hogs (Swamp:1)
  19 humans (D:13)
  7 fire bats (Volcano)
  A hungry ghost (D:13)
  21 vampire mosquitoes
  4 swamp worm simulacra (Swamp:4)
  2 basilisks
  Menkaure (D:5)
  A steam dragon (Lair:5)
  29 swamp worms
  Edmund (D:5)
  An acid dragon (D:12)
  3 insubstantial wisps (Swamp:2)
  6 wargs
  A soldier ant (D:12)
  Duvessa (D:4)
  9 porcupines
  12 hydra simulacra (Swamp:4)
  7 water moccasins
  2 hell hounds (Volcano)
  38 orc warriors
  10 swamp drakes
  7 sky beasts
  2 eyes of draining
  9 ice beasts
  3 phantoms (D:4)
  3 black bears
  3 boggarts (Lair:6)
  19 ogres
  22 wolves
  11 centaurs
  11 crocodiles
  4 big kobolds
  15 bullfrogs
  Dowan (D:4)
  3 scorpions
  A wyvern skeleton (D:13)
  14 killer bees
  4 wights (D:9)
  4 electric eels
  4 howler monkeys
  6 crimson imps
  8 lava snakes
  4 centaur zombies
  3 bullfrog zombies
  A quasit (D:11)
  6 hounds
  20 orc priests
  2 bullfrog skeletons
  4 jellies
  Jessica (D:3)
  Terence (D:2)
  5 iguanas
  27 orc wizards
  9 worker ants
  2 worker ant zombies
  A gnoll (D:1)
  16 adders
  2 shadow imps
  5 ufetubi (D:14)
  7 oozes
  4 swamp drake simulacra (Swamp:4)
  An adder zombie (D:7)
  2 adder skeletons
  5 worms
  A dart slug (D:1)
  7 leopard geckos
  100 orcs
  8 bats
  4 giant cockroaches
  7 hobgoblins
  14 jackals
  34 kobolds
  3 ball pythons
  7 frilled lizards
  A giant cockroach zombie (D:5)
  11 goblins
  4 rats
  9 briar patches
  4 fungi
  11 plants
1240 creatures vanquished.

Vanquished Creatures (others)
  An azure jelly (Swamp:4)
  A hornet (Spider:4)
  A redback (Spider:1)
  A human (Swamp:1)
  A shadow (Swamp:1)
  An adder (D:5)
  2 briar patches (Swamp:4)
  3 fungi (D:5)
  3 plants
14 creatures vanquished.

Grand Total: 1254 creatures vanquished

Notes
Turn   | Place    | Note
-------+----------+-------------------------------------------
     0 | D:1      | Peloso the Minotaur Fighter began the quest for the Orb.
     0 | D:1      | Reached XP level 1. HP: 19/19 MP: 0/0
    61 | D:1      | Reached XP level 2. HP: 27/27 MP: 1/1
   159 | D:1      | Reached skill level 4 in Shields
   174 | D:1      | Reached XP level 3. HP: 14/33 MP: 2/2
   608 | D:2      | Noticed Terence
   627 | D:2      | Killed Terence
   627 | D:2      | Reached XP level 4. HP: 19/40 MP: 3/3
   987 | D:2      | Reached skill level 1 in Dodging
  1204 | D:3      | Reached XP level 5. HP: 43/46 MP: 4/4
  1575 | D:3      | Noticed Jessica
  1580 | D:3      | Killed Jessica
  1697 | D:3      | Identified a +0 pair of boots of running (You found it on
                  | level 3 of the Dungeon)
  1946 | D:3      | Reached skill level 5 in Armour
  2273 | D:4      | Noticed a phantom
  2340 | D:4      | Killed a phantom
  2340 | D:4      | Reached skill level 5 in Long Blades
  2340 | D:4      | Reached skill level 5 in Shields
  2340 | D:4      | Reached XP level 6. HP: 37/53 MP: 5/5
  2436 | D:4      | Noticed Duvessa
  2437 | D:4      | Noticed Dowan
  2454 | D:4      | Killed Duvessa
  2472 | D:4      | Killed Dowan
  2472 | D:4      | Reached XP level 7. HP: 30/60 MP: 6/6
  3088 | D:5      | Entered Level 5 of the Dungeon
  3092 | D:5      | Noticed Menkaure
  3456 | D:5      | Killed Menkaure
  3461 | D:5      | Reached skill level 5 in Fighting
  3504 | D:5      | Noticed Edmund
  3506 | D:5      | Found a blossoming altar of Fedhas.
  3521 | D:5      | Reached skill level 6 in Shields
  3521 | D:5      | Reached XP level 8. HP: 65/68 MP: 7/7
  3529 | D:5      | Killed Edmund
  3541 | D:5      | Noticed Pikel
  3560 | D:5      | Killed Pikel
  3768 | D:5      | Found Kuogom's Food Shop.
  4182 | D:6      | Reached XP level 9. HP: 69/75 MP: 8/8
  4254 | D:6      | Found Umehuqavugh's Magic Scroll Boutique.
  4257 | D:6      | Bought a scroll of teleportation for 33 gold pieces
  4257 | D:6      | Bought a scroll of blinking for 82 gold pieces
  4257 | D:6      | Bought a scroll of enchant armour for 82 gold pieces
  4257 | D:6      | Bought a scroll of enchant weapon for 82 gold pieces
  4257 | D:6      | Bought a scroll of remove curse for 33 gold pieces
  4257 | D:6      | Bought a scroll of identify for 22 gold pieces
  4271 | D:6      | Reached skill level 7 in Shields
  4301 | D:6      | Found a runed door.
  4361 | D:6      | HP: 3/75 [ogre/giant club (17)]
  5130 | D:7      | Found a staircase to the Ecumenical Temple.
  5152 | D:7      | Reached skill level 10 in Long Blades
  5162 | Temple   | Entered the Ecumenical Temple
  5170 | Temple   | Became a worshipper of Warmaster Okawaru
  5851 | D:7      | Found a bloodstained altar of Trog.
  5857 | D:7      | Found an ancient bone altar of Kikubaaqudgha.
  6012 | D:8      | Reached skill level 8 in Shields
  6169 | D:8      | Reached * piety under Okawaru
  6229 | D:8      | Found a deep blue altar of Sif Muna.
  6479 | D:8      | Found a glowing silver altar of Zin.
  6867 | D:9      | Noticed a two-headed ogre
  7071 | D:8      | Killed a two-headed ogre
  7071 | D:8      | Reached ** piety under Okawaru
  7071 | D:8      | Reached XP level 10. HP: 32/86 MP: 9/9
  7379 | D:9      | Reached skill level 9 in Shields
  7417 | D:9      | Found a radiant altar of Vehumet.
  7752 | D:9      | Reached *** piety under Okawaru
  7929 | D:9      | Reached skill level 1 in Stealth
  8018 | D:9      | Reached skill level 10 in Shields
  8029 | D:9      | Reached **** piety under Okawaru
  8507 | D:6      | Found a roughly hewn altar of Beogh.
  8609 | D:10     | Entered Level 10 of the Dungeon
  8684 | D:10     | Reached XP level 11. HP: 72/95 MP: 10/10
  8986 | D:10     | Found a staircase to the Lair.
  9837 | D:11     | Reached ***** piety under Okawaru
 10143 | D:11     | Reached skill level 10 in Armour
 11280 | D:12     | Noticed a two-headed ogre
 11296 | D:12     | Killed a two-headed ogre
 11296 | D:12     | Reached skill level 11 in Shields
 11319 | D:12     | Found a staircase to the Orcish Mines.
 11364 | D:12     | Found a transporter.
 11364 | D:12     | Noticed a frost giant
 11528 | D:12     | Noticed slartie's ghost (journeyman MiBe)
 11529 | D:12     | Noticed a two-headed ogre
 11530 | D:12     | Found a transporter.
 11530 | D:12     | Noticed a two-headed ogre
 11903 | D:12     | Noticed Nessos
 11917 | D:12     | Killed Nessos
 11917 | D:12     | Received a gift from Okawaru
 13000 | Lair:1   | Entered Level 1 of the Lair of Beasts
 13423 | Lair:1   | Reached skill level 1 in Invocations
 13968 | Lair:1   | Reached XP level 12. HP: 31/106 MP: 11/11
 14345 | Lair:2   | Found a staircase to the Swamp.
 14364 | Lair:2   | Found a dark tunnel.
 14372 | Volcano  | Entered a volcano
 14716 | Volcano  | Found a bloodstained altar of Trog.
 14731 | Volcano  | Reached skill level 12 in Shields
 15276 | Lair:2   | Reached skill level 10 in Fighting
 16161 | Lair:3   | Noticed a six-headed hydra
 16248 | Lair:1   | You fall through a shaft!
 16512 | D:13     | Got a scorched war axe
 16513 | D:13     | Identified the +1 war axe "Hucaxu" {chop, +Fly} (You found
                  | it on level 13 of the Dungeon)
 16614 | D:13     | Reached skill level 13 in Shields
 17022 | D:13     | Received a gift from Okawaru
 17318 | D:13     | Noticed a vault guard
 17319 | D:13     | Noticed a vault guard
 17338 | D:13     | Killed a vault guard
 17355 | D:13     | Killed a vault guard
 17355 | D:13     | Reached ****** piety under Okawaru
 17355 | D:13     | Received a gift from Okawaru
 17361 | D:13     | Reached XP level 13. HP: 91/114 MP: 13/13
 17382 | D:13     | Got a smoking lajatang {god gift}
 17383 | D:13     | Identified the +3 lajatang of Gallantry {drain, MP-9 Str+6
                  | Stlth+} (Okawaru gifted it to you on level 13 of the
                  | Dungeon)
 17584 | D:13     | Found a gate to the Vaults.
 17834 | D:12     | Killed slartie's ghost
 17841 | D:12     | Killed a frost giant
 17852 | D:12     | Reached skill level 14 in Shields
 17867 | D:12     | Got a steaming long sword
 17868 | D:12     | Identified the +5 long sword of the Reaper {antimagic,
                  | rElec Dex+2} (You found it on level 12 of the Dungeon)
 18149 | Orc:1    | Entered Level 1 of the Orcish Mines
 18157 | Orc:1    | Received a gift from Okawaru
 18359 | Orc:2    | Entered Level 2 of the Orcish Mines
 18498 | Orc:2    | Found Xeag's Weapon Boutique.
 18537 | Orc:2    | Found a roughly hewn altar of Beogh.
 18956 | Orc:2    | Found a staircase to the Elven Halls.
 19064 | Orc:2    | Noticed a stone giant
 19081 | Orc:2    | Killed a stone giant
 19171 | Orc:2    | Found a roughly hewn altar of Beogh.
 19172 | Orc:2    | Found Asuwelei's Gadget Shoppe.
 19335 | Orc:2    | Found a roughly hewn altar of Beogh.
 19363 | Orc:2    | Found Lestrime's Antique Weapon Shop.
 19535 | Orc:2    | Received a gift from Okawaru
 19822 | Orc:2    | Noticed an orc warlord
 19867 | Orc:2    | Killed an orc warlord
 19867 | Orc:2    | Reached skill level 15 in Long Blades
 19945 | Orc:2    | Found Ceewo's Antique Weapon Shop.
 19948 | Orc:2    | Found a roughly hewn altar of Beogh.
 19951 | Orc:2    | Found Ofoe's Antique Armour Boutique.
 19962 | Orc:2    | Bought a pair of glowing gloves for 225 gold pieces
 20282 | Lair:2   | Reached skill level 15 in Shields
 20636 | Lair:3   | Reached skill level 1 in Axes
 20762 | Lair:3   | Reached XP level 14. HP: 111/126 MP: 5/15
 21135 | Lair:3   | You fall through a shaft for 2 floors!
 21278 | Lair:5   | Found a staircase to the Slime Pits.
 21280 | Lair:5   | Found a viscous altar of Jiyva.
 21290 | Lair:5   | Received a gift from Okawaru
 21325 | Lair:5   | Got a translucent demon blade {god gift}
 21326 | Lair:5   | Identified the +6 demon blade "Hydrabane" {elec, Int+3}
                  | (Okawaru gifted it to you on level 5 of the Lair of Beasts)
 21425 | Lair:5   | Reached skill level 5 in Dodging
 21442 | Lair:5   | Identified 3 scrolls of acquirement
 21714 | Lair:5   | Noticed Josephine
 21722 | Lair:5   | Killed Josephine
 22148 | Lair:5   | Got a vibrating glass ring
 22150 | Lair:5   | Identified the ring of Wierraw {rN+ MR+ Int+2 Dex+2 Stlth-}
                  | (You found it on level 5 of the Lair of Beasts)
 22220 | Lair:6   | Entered Level 6 of the Lair of Beasts
 22621 | Lair:6   | Got a pair of heavily runed gloves
 22633 | Lair:6   | Identified the cursed +0 pair of gloves of Fanaticism {rF-
                  | rCorr Int+7 Stlth+} (You found it on level 6 of the Lair of
                  | Beasts)
 22666 | Lair:6   | Reached skill level 16 in Shields
 22839 | Lair:6   | Received a gift from Okawaru
 22858 | Lair:6   | Got an encrusted chain mail {god gift}
 22870 | Lair:6   | Identified the +8 chain mail of Poehotto {Str+6} (Okawaru
                  | gifted it to you on level 6 of the Lair of Beasts)
 22980 | Lair:6   | Found the +7 mace of Variability {chain chaos}
 23009 | Lair:6   | Found a runed door.
 23010 | Lair:6   | Found a shimmering altar of Xom.
 23010 | Lair:6   | Noticed LabCoat's ghost (journeyman HOFi)
 23170 | Lair:6   | Killed LabCoat's ghost
 23767 | Lair:4   | Found a hole to the Spider Nest.
 23974 | Lair:4   | Reached XP level 15. HP: 136/136 MP: 16/16
 24926 | D:13     | Reached skill level 1 in Evocations
 25025 | D:13     | Noticed Rupert
 25031 | D:13     | Paralysed by Rupert for 5 turns
 25047 | D:13     | Killed Rupert
 25472 | D:14     | Noticed Louise
 25499 | D:14     | Killed Louise
 25499 | D:14     | Reached skill level 17 in Shields
 26094 | D:14     | Received a gift from Okawaru
 26654 | D:15     | Entered Level 15 of the Dungeon
 26806 | D:15     | Found a frozen archway.
 26848 | IceCv    | Entered an ice cave
 26870 | IceCv    | Found a transporter.
 26916 | IceCv    | Found a transporter.
 27172 | D:15     | Received a gift from Okawaru
 27264 | D:15     | Noticed Agnes
 27276 | D:15     | Killed Agnes
 28112 | D:15     | Found a staircase to the Depths.
 28528 | Orc:1    | Reached skill level 18 in Shields
 28545 | Orc:1    | Found a roughly hewn altar of Beogh.
 28551 | Orc:1    | Found Buschypp's Antique Weapon Boutique.
 29178 | Swamp:1  | Entered Level 1 of the Swamp
 29178 | Swamp:1  | Noticed Kirke
 29200 | Swamp:1  | Killed Kirke
 29950 | Swamp:2  | Reached XP level 16. HP: 135/147 MP: 17/17
 30116 | Swamp:2  | Reached skill level 15 in Armour
 30348 | Swamp:2  | Noticed a thorn hunter
 30361 | Swamp:2  | Received a gift from Okawaru
 30393 | Swamp:2  | Killed a thorn hunter
 31100 | Swamp:3  | Reached skill level 15 in Fighting
 31436 | Swamp:4  | Entered Level 4 of the Swamp
 31438 | Swamp:4  | Noticed a thorn hunter
 31463 | Swamp:4  | Killed a thorn hunter
 32494 | Swamp:4  | Reached skill level 19 in Shields
 33343 | Swamp:4  | Got a decaying rune of Zot
 33536 | Spider:1 | Entered Level 1 of the Spider Nest
 33550 | Spider:1 | Received a gift from Okawaru
 33569 | Spider:1 | Got a dazzling scimitar {god gift}
 33570 | Spider:1 | Identified the +9 scimitar of Proximity {speed, Int+3}
                  | (Okawaru gifted it to you on level 1 of the Spider Nest)
 33584 | Spider:1 | Got a scorched rapier
 34723 | Spider:2 | Received a gift from Okawaru
 34840 | Spider:2 | Noticed Jorgrun
 34881 | Spider:2 | Killed Jorgrun
 34881 | Spider:2 | Reached XP level 17. HP: 97/158 MP: 18/18
 35440 | Spider:2 | Noticed Arachne
 35450 | Spider:2 | Killed Arachne
 35993 | Lair:1   | Identified the cursed +1 rapier of Hufinum {vamp, Int+5}
                  | (You found it on level 1 of the Spider Nest)
 36564 | Spider:3 | Received a gift from Okawaru
 36952 | Spider:3 | Reached skill level 20 in Shields
 37547 | Spider:3 | Got an encrusted plate armour
 37558 | Spider:3 | Identified the +5 plate armour of Patience {rPois Dex+2}
                  | (You found it on level 3 of the Spider Nest)
 37879 | Spider:4 | Entered Level 4 of the Spider Nest
 39196 | Spider:4 | Received a gift from Okawaru
 39209 | Spider:4 | Got a gossamer rune of Zot
 39665 | Elf:1    | Entered Level 1 of the Elven Halls
 39691 | Elf:1    | Found a radiant altar of Vehumet.
 39810 | Elf:1    | Reached skill level 21 in Shields
 39810 | Elf:1    | Reached XP level 18. HP: 36/168 MP: 19/19
 39991 | Elf:1    | Found a ruined gateway.
 40047 | Desolati | Entered the Desolation of Salt
 40355 | Desolati | Received a gift from Okawaru
 40411 | Desolati | HP: 6/170 [saltling (18)]
 40425 | Desolati | HP: 6/170 [saltling (6)]
 40445 | Desolati | Received a gift from Okawaru
 40447 | Desolati | HP: 5/255 [saltling (11)]
 40463 | Desolati | HP: 8/170 [saltling (10)]
 40467 | Desolati | HP: 3/170 [poisoned by a guardian serpent (bolt of poison)]
 40475 | Desolati | HP: 6/170 [saltling (7)]
 40478 | Desolati | HP: 2/170 [poisoned by a guardian serpent (bolt of poison)]
 40478 | Desolati | Slain by a saltling

Skill      XL: |  1  2  3  4  5  6  7  8  9 10 11 12 13 14 15 16 17 18 |
---------------+-------------------------------------------------------+-----
Fighting       | 4 5 6 7 8 9 10 12 13 14 15 16 17 | 17.2
Armour         | 4 5 7 8 9 10 12 13 14 15 16 | 16.3
Shields        | 4 5 6 8 10 11 13 15 16 18 19 21 | 21.3
Long Blades    | 3 5 7 9 11 12 13 14 15 16 17 18 | 18.8
Dodging        | 1 2 3 4 5 6 7 8 |  8.0
Stealth        | 1 2 |  2.8
Invocations    | 1 2 3 |  3.7
Axes           | 1 3 |  3.4
Evocations     | 1 |  1.6

Action                   |  1- 3 |  4- 6 |  7- 9 | 10-12 | 13-15 | 16-18 || total
-------------------------+-------+-------+-------+-------+-------+-------++-------
Melee: Long sword        |    81 |   199 |   350 |  1199 |   559 |       ||  2388
       Headbutt          |    13 |    38 |    99 |   330 |   443 |   429 ||  1352
       Hand axe          |       |       |       |       |    21 |       ||    21
       Demon blade       |       |       |       |       |   745 |   348 ||  1093
       Scimitar          |       |       |       |       |    10 |   822 ||   832
Invok: Heroism           |       |       |       |    10 |     9 |     6 ||    25
       Finesse           |       |       |       |       |     1 |       ||     1
Evoke: Wand              |       |       |       |     5 |     7 |     9 ||    21
  Use: Scroll            |       |       |     7 |     2 |    23 |    13 ||    45
       Potion            |       |       |     2 |     2 |     4 |    18 ||    26
 Stab: Confused          |       |       |       |       |       |     2 ||     2
  Eat: Chunk             |       |     5 |     9 |    23 |    35 |    25 ||    97
       Ration            |       |       |     1 |     3 |     1 |     3 ||     8
Armor: Scale mail        |    41 |    96 |       |       |       |       ||   137
       Chain mail        |       |       |   147 |    68 |   167 |   327 ||   709
       Plate armour      |       |       |       |   284 |   277 |   110 ||   671
Dodge: Dodged            |    27 |    42 |    99 |   242 |   419 |   632 ||  1461
Block: Shield            |    62 |    79 |   172 |   558 |   965 |  1000 ||  2836
       Rpst.: Long sword |     7 |    12 |    30 |    56 |    33 |       ||   138
       Demon blade       |       |       |       |       |    53 |    21 ||    74
       Scimitar          |       |       |       |       |     1 |    91 ||    92
